Map: Arid Wastes

Players

Myran

  • Race: Protoss Protoss
  • Spawn Location: 1:00

Scaramanga

  • Race: Terran Terran
  • Spawn Location: 12:00

dallaskuken

  • Race: Protoss Protoss
  • League: Platinum
  • Spawn Location: 6:00

Loken

  • Race: Zerg Zerg
  • League: Platinum
  • Spawn Location: 7:00

VOD

Have the link to the VOD?

Description

Time

  • Played on: March 15, 2017, 8:36 p.m.
  • Length: 15:07
Show
View Real Time Build Order
Export as new Build Order

Myran Protoss 

Build Orders:  

Get SALT Encoding   

  12  0:02  Probe (Chrono Boost)  
  13  0:19  Pylon, Probe (Chrono Boost)  
  14  0:29  Probe (Chrono Boost)  
  15  0:40  Probe (Chrono Boost)  
  16  0:45  Gateway  
  16  0:50  Probe (Chrono Boost)  
  16  0:53  Pylon  
  17  1:02  Probe (Chrono Boost)  
  18  1:12  Probe (Chrono Boost)  
  18  1:15  Assimilator  
  19  1:20  Assimilator  
  19  1:23  Probe (Chrono Boost)  
  20  1:34  Zealot  
  20  1:37  Cybernetics Core  
  22  1:50  Pylon  
  22  1:52  Forge  
  22  1:55  Probe (Chrono Boost)  
  23  2:02  Zealot  
  23  2:06  Probe (Chrono Boost)  
  23  2:07  Pylon  
  26  2:16  Probe (Chrono Boost)  
  27  2:27  Stargate  
  28  2:30  Probe (Chrono Boost)  
  28  2:39  Photon Cannon  
  28  2:40  Probe (Chrono Boost)  
  29  2:51  Probe (Chrono Boost)  
  30  3:12  Void Ray  
  34  3:16  Robotics Facility  
  34  3:18  Probe (Chrono Boost)  
  35  3:32  Probe (Chrono Boost)  
  36  3:43  Photon Cannon  
  36  3:46  Probe (Chrono Boost)  
  37  3:54  Void Ray  
  41  3:59  Protoss Air Weapons Level 1  
  41  4:03  Warp Prism  
  41  4:05  Probe (Chrono Boost)  
  44  4:45  Probe (Chrono Boost)  
  45  4:53  Pylon  
  45  4:55  Pylon  
  45  4:56  Probe (Chrono Boost)  
  46  5:10  Void Ray  
  48  5:19  Stargate  
  48  5:53  Protoss Air Armor Level 1  
  48  5:58  Nexus  
  48  6:04  Void Ray  
  48  6:09  Void Ray  
  56  6:15  Zealot  
  58  6:32  Assimilator  
  58  6:36  Assimilator  
  58  6:40  Pylon  
  58  6:47  Void Ray  
  62  7:00  Pylon, Void Ray  
  62  7:04  Pylon  
  62  7:07  Pylon  
  66  7:13  Probe (Chrono Boost)  
  67  7:23  Probe (Chrono Boost)  
  68  7:30  Void Ray  
  68  7:34  Probe (Chrono Boost)  
  73  7:41  Void Ray  
  73  7:44  Probe (Chrono Boost)  
  78  7:55  Probe (Chrono Boost)  
  79  8:01  Pylon  
  79  8:06  Probe (Chrono Boost)  
  80  8:16  Probe (Chrono Boost)  
  81  8:21  Void Ray  
  81  8:27  Probe (Chrono Boost)  
  76  8:55  Void Ray  
  76  8:58  Void Ray  
  80  9:07  Probe (Chrono Boost)  
  85  9:17  Probe (Chrono Boost)  
  81  9:39  Void Ray  
  79  10:35  Void Ray  
  75  10:41  Void Ray  
  79  11:32  Void Ray  
  79  11:38  Void Ray  
Show
View Real Time Build Order
Export as new Build Order

Scaramanga Terran 

Build Orders: MMM Bio 

Get SALT Encoding   

  12  0:01  SCV  
  13  0:13  SCV  
  14  0:18  Supply Depot  
  14  0:25  SCV  
  15  0:40  SCV  
  15  0:41  Barracks  
  16  0:52  SCV  
  17  1:04  SCV  
  18  1:16  SCV, Barracks  
  19  1:27  Marine  
  19  1:28  SCV  
  19  1:32  Supply Depot  
  21  1:39  Refinery  
  21  1:40  Orbital Command  
  21  1:45  Marine  
  22  2:03  Marine  
  22  2:07  Marine  
  24  2:09  Command Center  
  24  2:16  Barracks  
  24  2:21  Marine  
  25  2:29  Barracks Tech Lab  
  25  2:36  SCV  
  26  2:39  Marine  
  27  2:48  Marauder, SCV  
  27  2:49  Concussive Shells  
  30  2:57  Marine  
  31  3:09  Bunker  
  31  3:21  Marauder, SCV, Marine x2  
  36  3:31  Refinery  
  36  3:33  SCV  
  37  3:39  Marine x2  
  39  3:43  Marauder  
  39  3:45  SCV  
  39  3:48  Orbital Command  
  42  3:54  Factory  
  42  3:59  Barracks Reactor  
  42  4:03  Marine  
  42  4:07  Marauder  
  42  4:08  SCV  
  46  4:12  Refinery  
  46  4:16  Refinery  
  46  4:20  Supply Depot  
  46  4:22  SCV  
  46  4:30  Engineering Bay  
  46  4:38  Starport  
  46  4:42  SCV x2  
  48  4:54  SCV x2  
  48  4:55  Stimpack  
  48  4:59  Missile Turret  
  50  5:06  SCV x2  
  52  5:11  Missile Turret  
  52  5:15  Terran Infantry Weapons Level 1  
  52  5:18  SCV x2  
  52  5:19  Missile Turret  
  54  5:25  Marine  
  54  5:32  Missile Turret  
  54  5:34  Marine  
  54  5:35  SCV  
  54  5:39  SCV  
  54  5:41  Marauder  
  51  5:43  Marine  
  51  5:49  Hellion  
  44  5:51  SCV  
  44  5:52  Marine  
  46  6:01  Marine  
  46  6:02  Marine  
  46  6:03  Hellion  
  46  6:04  Medivac  
  52  6:09  Marine  
  52  6:10  SCV  
  54  6:28  SCV x2, Marine x3  
  59  6:34  Medivac  
  61  6:40  SCV  
  62  6:50  Command Center  
  62  6:51  Engineering Bay  
  62  6:55  Combat Shields  
  62  7:01  Supply Depot  
  62  7:06  Supply Depot, Starport Reactor  
  62  7:09  Terran Infantry Armor Level 1  
  62  7:15  Barracks Reactor  
  62  7:21  Armory  
  62  7:23  Marauder, SCV, Hellion x2, Marine, Supply Depot  
  62  7:27  SCV  
  62  7:28  Supply Depot  
  71  7:35  SCV  
  72  7:39  SCV  
  72  7:40  Marine  
  72  7:42  Medivac x2  
  78  7:45  Marauder  
  80  7:51  SCV  
  80  7:55  Marine  
  82  8:04  Barracks  
  82  8:05  Supply Depot  
  82  8:07  Barracks  
  82  8:11  Supply Depot  
  82  8:24  Orbital Command  
  82  8:26  Supply Depot  
  82  8:33  Supply Depot  
  82  8:50  Marine  
  82  8:51  Marauder, Marine  
  82  8:53  Barracks Reactor  
  86  8:56  Barracks Reactor, Barracks Tech Lab  
  86  8:58  Terran Infantry Weapons Level 2  
  86  9:08  Marine  
  86  9:09  Marine  
  88  9:12  Marine  
  89  9:22  Marauder  
  90  9:26  Marine x2  
  90  9:29  Marine  
  90  9:30  Marauder, Marine  
  95  9:33  Hellion x2  
  95  9:34  Terran Infantry Armor Level 2  
  99  9:38  Supply Depot  
  99  9:41  Marine x2, Supply Depot  
  99  9:43  Marauder  
  99  9:44  Marine x2  
  105  9:47  Marine x2  
  105  9:51  Marauder  
  109  9:59  Marine x2  
  111  10:01  Supply Depot  
  111  10:05  Marauder, Supply Depot  
  111  10:06  Marine x2  
  111  10:07  Marine x2  
  115  10:12  Terran Ship Weapons Level 1  
  115  10:13  Marauder  
  119  10:17  Marine  
  120  10:25  Command Center  
  120  10:26  Marauder  
  122  10:30  Marine x2  
  122  10:31  Marine x3  
  122  10:32  Missile Turret  
  122  10:34  Marauder  
  122  10:35  Marine  
  126  10:48  Marauder, Marine  
  119  10:56  Marauder  
  114  11:03  SCV  
  114  11:04  SCV, Marine x2  
  116  11:05  Marine  
  116  11:06  Medivac x2  
  116  11:09  Marauder  
  123  11:16  SCV x2  
  123  11:17  Marauder  
  122  11:36  Medivac x2  
  81  12:26  Marauder, Marine x2  
  81  12:27  Marine x4  
  81  12:41  Orbital Command  
  81  12:44  Marine x2  
  81  12:48  Marauder  
  85  13:05  Marine  
  85  13:06  Marine x5  
  85  13:09  Marauder, Siege Tank  
  96  13:13  Armory  
  96  13:23  Marine  
  96  13:24  Marine x5  
  102  13:30  Marine  
  102  13:32  Refinery  
  103  13:41  Marine x2, Siege Tank  
  108  13:55  Refinery  
  108  13:59  Marauder  
  110  14:12  Ghost Academy  
  110  14:19  Supply Depot  
  110  14:21  Supply Depot  
  110  14:22  Supply Depot  
  110  14:41  Marauder, Marine x4  
  110  14:43  Supply Depot  
Show
View Real Time Build Order
Export as new Build Order

dallaskuken Protoss 

Build Orders:  

Get SALT Encoding   

  12  0:01  Probe (Chrono Boost)  
  13  0:11  Probe (Chrono Boost)  
  14  0:19  Pylon  
  14  0:23  Probe (Chrono Boost)  
  15  0:37  Probe (Chrono Boost)  
  16  0:46  Gateway  
  16  0:48  Probe (Chrono Boost)  
  17  0:58  Probe (Chrono Boost)  
  18  1:09  Probe (Chrono Boost)  
  19  1:13  Pylon  
  19  1:19  Probe (Chrono Boost)  
  19  1:21  Assimilator  
  20  1:33  Probe (Chrono Boost)  
  20  1:39  Cybernetics Core  
  21  1:46  Assimilator  
  21  1:51  Probe (Chrono Boost)  
  22  2:01  Probe (Chrono Boost)  
  22  2:04  Warp Gate  
  23  2:10  Zealot  
  25  2:17  Probe (Chrono Boost)  
  26  2:27  Pylon, Probe (Chrono Boost)  
  27  2:41  Probe (Chrono Boost)  
  28  2:46  Stalker  
  30  2:51  Nexus  
  30  2:53  Probe (Chrono Boost)  
  31  3:00  Pylon  
  31  3:05  Forge  
  31  3:15  Probe (Chrono Boost)  
  32  3:22  Gateway  
  32  3:24  Gateway  
  32  3:27  Probe (Chrono Boost)  
  33  3:51  Pylon  
  33  3:55  Pylon  
  33  3:57  Probe (Chrono Boost)  
  34  4:04  Gateway  
  34  4:06  Probe (Chrono Boost)  
  34  4:09  Probe (Chrono Boost)  
  37  4:17  Probe (Chrono Boost)  
  37  4:22  Probe (Chrono Boost)  
  38  4:27  Probe (Chrono Boost)  
  39  4:34  Photon Cannon, Probe (Chrono Boost)  
  39  4:37  Pylon  
  39  4:38  Probe (Chrono Boost)  
  41  4:43  Gateway  
  42  4:46  Probe (Chrono Boost)  
  42  4:48  Probe (Chrono Boost)  
  43  4:58  Assimilator  
  43  4:59  Probe (Chrono Boost)  
  43  5:09  Probe (Chrono Boost)  
  43  5:10  Stalker x3  
  50  5:17  Sentry  
  50  5:20  Probe (Chrono Boost)  
  53  5:48  Stalker x4  
  61  5:58  Photon Cannon  
  61  6:02  Photon Cannon  
  61  6:04  Photon Cannon  
  61  6:12  Pylon  
  61  6:18  Photon Cannon  
  61  6:24  Stalker x4, Assimilator  
  61  6:25  Stalker  
  71  6:43  Twilight Council  
  71  6:53  Probe (Chrono Boost)  
  72  6:55  Protoss Shields Level 1  
  72  6:57  Stalker x5  
  82  7:04  Probe (Chrono Boost)  
  83  7:14  Probe (Chrono Boost)  
  84  7:25  Probe (Chrono Boost)  
  85  7:35  Probe (Chrono Boost), Nexus  
  86  7:37  Pylon  
  86  7:45  Pylon  
  86  7:57  Templar Archives  
  86  7:59  Stalker  
  86  8:00  Stalker x4  
  96  8:11  Photon Cannon  
  96  8:12  Photon Cannon  
  96  8:14  Gateway  
  96  8:16  Gateway  
  96  8:20  Pylon  
  95  8:57  Pylon  
  95  8:59  Pylon  
  95  9:01  Pylon  
  95  9:42  Zealot x2  
  95  9:43  Zealot x3  
  103  10:27  Stalker  
  103  10:28  Stalker x2  
  105  10:29  Stalker  
  65  11:02  Stalker x2  
  65  11:03  Stalker x3  
  39  11:36  Zealot x2  
  39  11:37  Zealot x2  
  34  12:02  Cybernetics Core  
  34  12:12  High Templar x4  
  42  12:16  Nexus  
  42  12:20  Archon  
  42  12:21  Archon  
  42  12:49  High Templar  
  42  12:50  High Templar x3  
  50  13:14  Pylon  
  50  13:17  Pylon  
  50  13:22  Archon x2  
  49  13:37  Sentry x2  
  40  13:48  Stalker x2  
  44  14:17  Stalker x4  
Show
View Real Time Build Order
Export as new Build Order

Loken Zerg 

Build Orders: Pool First 

Get SALT Encoding   

  12  0:01  Drone  
  13  0:13  Overlord  
  13  0:20  Drone  
  14  0:31  Drone x2  
  14  0:35  Drone  
  17  0:47  Spawning Pool  
  17  0:49  Drone  
  17  0:57  Drone  
  18  1:05  Extractor  
  17  1:11  Overlord  
  17  1:32  Hatchery  
  16  1:34  Queen  
  16  1:39  Zergling x4  
  20  1:48  Drone  
  21  2:04  Drone x2  
  23  2:10  Extractor  
  23  2:12  Queen  
  24  2:15  Drone  
  25  2:33  Drone  
  25  2:34  Drone  
  27  2:44  Drone x3  
  30  2:53  Queen  
  30  2:56  Zergling x4  
  34  3:06  Spore Crawler  
  33  3:23  Metabolic Boost  
  33  3:26  Lair  
  32  3:47  Drone  
  32  3:48  Drone x2  
  35  3:52  Overlord x4  
  35  4:08  Extractor, Spore Crawler  
  33  4:10  Drone x2  
  33  4:11  Drone x2, Extractor  
  36  4:25  Hydralisk Den  
  36  4:29  Spire  
  34  4:34  Zergling x14  
  40  4:57  Muscular Augments  
  39  5:13  Zergling x12  
  39  5:14  Zergling x12  
  39  6:04  Drone  
  39  6:05  Drone x2  
  39  6:09  Drone  
  39  6:10  Drone x2  
  45  6:28  Hydralisk x4  
  45  6:29  Hydralisk x2  
  57  6:45  Hydralisk  
  57  6:46  Hydralisk x3  
  65  6:54  Zerg Flyer Weapons Level 1  
  65  7:20  Hydralisk  
  65  7:22  Overlord x4  
  67  7:23  Overlord x3  
  67  7:48  Drone  
  67  7:49  Drone x7  
  75  8:04  Overseer x2  
  72  8:43  Hydralisk x8  
  72  8:44  Hydralisk x4  
  80  9:08  Drone x2  
  80  9:09  Drone  
  83  9:40  Spire  
  83  9:43  Spawning Pool, Overlord x2  
  81  10:11  Overlord x3  
  74  10:41  Drone x6  
  70  11:53  Overlord x8  
  48  12:26  Overlord  
  48  12:27  Overlord x7  
  24  13:16  Hydralisk x3  
  24  13:18  Hydralisk x4  
  24  13:19  Hydralisk x2  
Tags
 
Add a new tag
Caveats
  • Supply blocks, unpowered buildings, or Contaminate may cause inaccurate times.
  • Supply counts are checked every 10 seconds.